 Dungeon Crawl Stone Soup version 0.29-a0-911-g88e6f02907 (webtiles) character file.

Game seed: 11783354038156114490

42 magipi the Cudgeller (level 3, -3/33 HPs)
             Began as a Minotaur Monk on July 25, 2022.
             Slain by a gnoll bouda
             ... wielding a +0 club
              (4 damage)
             ... on level 1 of the Dungeon.
             The game lasted 00:03:19 (1284 turns).

magipi the Cudgeller (Minotaur Monk)                Turns: 1284, Time: 00:03:19

Health: -3/33      AC: 10    Str: 17    XL:     3   Next: 33%
Magic:  2/2        EV:  5    Int:  7    God:
Gold:   95         SH:  0    Dex: 12    Spells: 2/2 levels left

rFire   . . .      SeeInvis .   a - +0 mace
rCold   + . .      Faith    .   (no shield)
rNeg    . . .      Spirit   .   d - +0 plate armour
rPois   .          Reflect  .   (helmet restricted)
rElec   .          Harm     .   (no cloak)
rCorr   .          Rampage  .   (no gloves)
Will    .....                   (no boots)
Stlth   ..........              (no amulet)
HPRegen 0.11/turn               c - ring of protection from cold
MPRegen 0.08/turn               (no ring)

@: no status effects
A: horns 2, retaliatory headbutt
a: no special abilities


You were on level 1 of the Dungeon.
You visited 1 branch of the dungeon, and saw 2 of its levels.

You collected 95 gold pieces.

Inventory:

Hand Weapons
 a - a +0 mace (weapon)
Missiles
 h - 5 poisoned darts (quivered)
Armour
 d - a +0 plate armour (worn)
   (You found it on level 1 of the Dungeon)
Jewellery
 c - a ring of protection from cold (left hand)
   (You found it on level 1 of the Dungeon)
Scrolls
 b - a scroll of enchant armour {unknown}
 e - a scroll of vulnerability {unknown}
 f - a scroll of teleportation {unknown}
 i - a scroll of fear {unknown}
Potions
 g - a potion of ambrosia


   Skills:
 + Level 4.0 Fighting
 * Level 4.4 Maces & Flails
 + Level 0.2 Throwing
 + Level 1.4 Armour
 + Level 3.6 Dodging
 - Level 1.5 Stealth


You had 2 spell levels left.
You didn't know any spells.
Your spell library contained the following spells:

 Spells                   Type           Power      Damage    Failure   Level
 Summon Forest            Summ/Tloc      0%         N/A       100%        5
 Eringya's Noxious Bog    Tmut/Pois      0%         N/A       100%        6
 Summon Hydra             Summ           0%         N/A       100%        7


Dungeon Overview and Level Annotations

Branches:
Dungeon (2/15)

Altars:

Annotations:
D:2 Sigmund


Innate Abilities, Weirdness & Mutations

You have a pair of horns on your head.
You reflexively headbutt those who attack you in melee.


Message History

There is an open door here.
There is a stone staircase leading down here.
You climb downwards.
Level annotation: Sigmund The gnoll shouts!
The rat twitches its whiskers.
The gnoll completely misses you. The rat bites you but does no damage.
The gnoll hits you from afar with a +0 spear.
There is a stone staircase leading up here.
Unknown command.
The rat bites you but does no damage.
The gnoll hits you from afar with a +0 spear.
You climb upwards.
There is a stone staircase leading down here.
You barely miss the rat. Your headbutt misses the rat.
Your punch misses the rat. The rat bites you.
You hit the rat but do no damage. The rat bites you but does no damage.
You barely miss the rat. The rat closely misses you.
You hit the rat.
You kill the rat!
No target in view!
No target in view!
No target in view!
There is an open door here.
There is a stone staircase leading down here.
You aren't carrying any items that you can evoke.
Unknown command.
Unknown command.
You climb downwards.
Level annotation: Sigmund The gnoll bouda gazes fiercely through you!
You feel your attacks grow feeble.
There is a stone staircase leading up, spattered with blood here.
Unknown command.
Unknown command.
Unknown command.
The gnoll bouda barks out a call to the hunt!
The gnoll picks up the pace!
You hear a shout!
Unknown command.
The gnoll shouts!
The gnoll hits you with a +0 spear. The gnoll hits you but does no damage.
There is a stone staircase leading up, spattered with blood here.
Unknown command.
Unknown command.
Your attacks no longer feel as feeble.
The gnoll barely misses you.
The gnoll hits you from afar with a +0 halberd.
The gnoll bouda hits you but does no damage.
You climb upwards.
There is a stone staircase leading down here.
Unknown command.
You barely miss the gnoll bouda. The gnoll bouda closely misses you.
The gnoll hits you with a +0 spear.
Unknown command.
You hit the gnoll but do no damage.
The gnoll bouda hits you with a +0 club.
The gnoll hits you with a +0 spear.
The gnoll bouda hits you but does no damage.
The gnoll hits you but does no damage.
Unknown command.
Unknown command.
You hit the gnoll bouda but do no damage.
The gnoll bouda hits you but does no damage.
The gnoll hits you with a +0 spear.
Unknown command.
Unknown command.
You hit the gnoll bouda but do no damage.
You headbutt the gnoll bouda, but do no damage.
The gnoll bouda hits you but does no damage.
The gnoll hits you with a +0 spear.
Unknown command.
Unknown command.
You hit the gnoll bouda.
The gnoll bouda is moderately wounded.
The gnoll bouda hits you with a +0 club!
* * * LOW HITPOINT WARNING * * *
The gnoll hits you but does no damage.
Unknown command.
You hit the gnoll bouda but do no damage.
The gnoll bouda is moderately wounded.
The gnoll bouda hits you with a +0 club.
* * * LOW HITPOINT WARNING * * *
The gnoll hits you with a +0 spear.
* * * LOW HITPOINT WARNING * * *
The gnoll attacks as you move away! The gnoll hits you with a +0 spear.
* * * LOW HITPOINT WARNING * * *
The gnoll hits you but does no damage.
Unknown command.
Press: ? - help, v - describe, . - travel
Here: a gnoll bouda, wielding a +0 club and wearing a +0 robe (moderately wounded)
The floor.
You hit the gnoll bouda.
You headbutt the gnoll bouda, but do no damage.
The gnoll bouda is heavily wounded.
The gnoll bouda barely misses you.
You hit the gnoll bouda but do no damage.
The gnoll bouda is heavily wounded.
The gnoll bouda hits you with a +0 club.
You die...

# # ##### # #######...###
######.......#.#..
#..............#.#
##########.#...............
#.......##.#g##.......#.#..
#.#####.##@#>..............
#.# #.##.g.......####.#..
#.# #.####.#####.# #....
#.# #.#........#.# ###..
#.# #..........#.# #.# #[#
###........#.# ##. #>#
###......#.######.. #.#
#......#......... #.#
#......#.........


You could see a gnoll bouda.

Vanquished Creatures
  A gnoll (D:1)
  6 ball pythons (D:1)
  2 endoplasms (D:1)
  3 goblins (D:1)
  5 hobgoblins (D:1)
  3 kobolds (D:1)
  A quokka (D:1)
  4 bats (D:1)
  A frilled lizard (D:1)
  3 rats (D:1)
29 creatures vanquished.

Notes
Turn   | Place    | Note
-------+----------+-------------------------------------------
     0 | D:1      | magipi the Minotaur Monk began the quest for the Orb.
     0 | D:1      | Reached XP level 1. HP: 19/19 MP: 0/0
   248 | D:1      | Reached XP level 2. HP: 23/27 MP: 1/1
   405 | D:1      | Reached skill level 1 in Armour
   741 | D:1      | Reached XP level 3. HP: 29/33 MP: 2/2
  1188 | D:2      | Noticed Sigmund
  1281 | D:1      | HP: 1/33 [gnoll/+0 spear[a gnoll bouda] (1)]
  1284 | D:1      | Slain by a gnoll bouda

Illustrated notes

Levels and vault maps discovered:
D:1:      lightli_arrival_statuegarden, layout_basic
D:2:      layout_basic, hellmonk_ecumenical_altar_arch_garden,
          minmay_misc_feat_rows, uniq_robin, uniq_sigmund

Skill      XL: |  1  2 |
---------------+-------+-----
Maces & Flails | 4 |  4.4
Armour         | 1 |  1.4
Fighting       | 4 |  4.0
Throwing       | |  0.2
Dodging        | |  3.6
Stealth        | |  1.5

Action                   || total
-------------------------++-------
Melee: Mace              ||    60
       Headbutt          ||     5
       Punch             ||     1
Armor: Plate armour      ||    27
       Robe              ||     2
Dodge: Dodged            ||    20

Table legend: (Time is in decaauts)
 A = Elapsed time spent in this place.
 B = Non-inter-level travel time spent in this place.
 C = Inter-level travel time spent in this place.
 D = Time resting spent in this place.
 E = Time spent auto-exploring this place.
 F = Levels seen in this place.
 G = Mean time per level.
                   A        B        C        D        E       F      G
               +--------+--------+--------+--------+--------+-----+--------+
         Total |   1298 |   1124 |    174 |    110 |    685 |   2 |  649.0 |
       Dungeon |   1298 |   1124 |    174 |    110 |    685 |   2 |  649.0 |
               +--------+--------+--------+--------+--------+-----+--------+

Top non-repeatable levels by time:
     D:1: 1282 daAuts
     D:2: 15 daAuts
